 Dungeon Crawl Stone Soup version 0.32-a0-705-g60f233581c (webtiles) character file.

Game seed: 11292270530682234412

30578 smashvw the Slicer (level 13, -6/108 HPs)
             Began as a Vine Stalker Berserker on Mar 14, 2024.
             Was a High Priest of Trog.
             Mangled by an ironbound frostheart (28 damage)
             ... in an ice cave.
             The game lasted 00:32:33 (13529 turns).

smashvw the Slicer (Vine Stalker Berserker)        Turns: 13529, Time: 00:32:33

Health: -6/108     AC: 17    Str: 22    XL:     13   Next: 52%
Magic:  0/14       EV:  7    Int:  7    God:    Trog [*****.]
Gold:   733        SH:  7    Dex: 28    Spells: 12/12 levels left

rFire   . . .        O - +1 quick blade
rCold   . . .        F - +0 buckler
rNeg    . . .        J - +0 plate armour "Veick" {Str+2 Dex+3}
rPois   +            b - +0 helmet
rElec   .            (no cloak)
rCorr   .            (no gloves)
SInv    .            k - +0 pair of boots
Will    +....        M - amulet of regeneration Stlth
                     i - +6 ring of dexterity
HPRegen 1.98/turn    r - ring of poison resistance
MPRegen 0.14/turn

%: guardian spirit
@: berserking, very quick
A: fangs 3, regeneration 1, magic shield, antimagic bite, no potion heal 2
a: Renounce Religion, Berserk, Trog's Hand, Brothers in Arms


You were in an ice cave.
You worshipped Trog.
Trog was extremely pleased with you.
You visited 2 branches of the dungeon, and saw 14 of its levels.
You also visited: Ice Cave.

You collected 859 gold pieces.
You spent 126 gold pieces at shops.

Inventory:

Hand Weapons
 a - a +0 short sword
 q - a +2 dagger of venom
 E - a +1 rapier of venom
 O - a +1 quick blade (weapon)
Missiles
 x - 3 throwing nets
Armour
 b - a +0 helmet (worn)
 k - a +0 pair of boots (worn)
 v - the +5 scale mail of Muohauso {+Blink}
   (You found it on level 4 of the Dungeon)

   +Blink:    It lets you blink.
 F - a +0 buckler (worn)
 J - the +0 plate armour "Veick" (worn) {Str+2 Dex+3}
   (You found it on level 9 of the Dungeon)

   Str+2:     It affects your strength (+2).
   Dex+3:     It affects your dexterity (+3).
Jewellery
 e - a ring of ice
 i - a +6 ring of dexterity (left hand)
 r - a ring of poison resistance (right hand)
 u - a ring of ice
 M - an amulet of regeneration (around neck)
 P - a ring of flight
Wands
 m - a wand of flame (18) (quivered)
 n - a wand of charming (19)
 y - a wand of polymorph (15)
 K - a wand of light (13)
Scrolls
 d - a scroll of enchant weapon
 f - 6 scrolls of revelation
 j - 2 scrolls of blinking
 l - 3 scrolls of enchant armour
 p - 3 scrolls of teleportation
 s - 2 scrolls of amnesia
 t - a scroll of butterflies
 A - 3 scrolls of fog
 B - 2 scrolls of noise
 I - 2 scrolls of identify
 L - a scroll of fear
Potions
 c - 4 potions of lignification
 g - 4 potions of degeneration
 h - 3 potions of haste
 o - 2 potions of brilliance
 w - 4 potions of attraction
 C - 4 potions of curing
 D - 5 potions of heal wounds
 G - 2 potions of cancellation
 H - a potion of mutation
 N - 2 potions of might {unknown}


   Skills:
 - Level 10.0 Fighting
 + Level 13.8 Short Blades
 - Level 10.1 Armour
 - Level 1.5 Dodging
 - Level 5.0 Shields
 - Level 5.0 Evocations


You had 12 spell levels left.
You didn't know any spells.
Your spell library was empty.

Dungeon Overview and Level Annotations

Branches:
Dungeon (11/15)            Temple (0/1) D:7            Lair (3/5) D:8
 Shoals (0/4) Lair:2        IceCv (1/1)
  Snake: Lair:2-3    Spider: Lair:2-3       Orc: D:9-12

Altars:
Ashenzari
Cheibriados
Elyvilon
Fedhas
Makhleb
Nemelex Xobeh
Ru
Sif Muna
Trog
Uskayaw
Vehumet
Wu Jian
Xom
Yredelemnul
Zin

Shops:
D:3 ?   D:6 (   D:10 :::   D:11 (

Annotations:
Lair:1 3 runed translucent doors, GreenGuy14's ghost, journeyman MiFi


Innate Abilities, Weirdness & Mutations

You have razor-sharp teeth.
Your natural rate of healing is unusually fast.
When hurt, damage is shared between your health and your magic reserves.
Your bite disrupts and absorbs the magic of your enemies.
Potions cannot restore your health.


Message History

The yak is almost dead.
You hit the yak. Your bite misses the yak. You barely miss the yak.
You bite the yak.
You kill the yak!
Trog accepts your kill.
You puncture the yak! You bite the yak. You drain its power.
You closely miss the yak. You bite the yak! You drain its power.
The yak is severely wounded.
You hit the yak. You bite the yak!
You kill the yak!
Trog accepts your kill.
No target in view!
No target in view!
You see here a yak corpse.
You see here a death yak corpse.
A polar bear is nearby!
The ironbound frostheart shouts!
The polar bear growls angrily.
Found 21 gold pieces.
Found 114 gold pieces and a lightning rod (4/4).
Found five items.
The ironbound frostheart touches you. The ironbound frostheart freezes you!!
The polar bear bites you. You block the polar bear's attack.
The polar bear barely misses you.
You hit the ironbound frostheart. x2
Your bite misses the ironbound frostheart.
The ironbound frostheart is lightly wounded.
You hit the ironbound frostheart.
You hit the ironbound frostheart but do no damage.
The ironbound frostheart is lightly wounded.
The ironbound frostheart touches you! The ironbound frostheart freezes you!!
The polar bear bites you.
* * * LOW HITPOINT WARNING * * *
The polar bear claws you but does no damage. x2
Okay, then.
Okay, then.
A red film seems to cover your vision as you go berserk!
You feel yourself moving faster!
You feel mighty! The ironbound frostheart touches you!
* * * LOW HITPOINT WARNING * * *
The ironbound frostheart freezes you!!
You die...

######### )[}$$$$.#
):$$$...#### $$.......##.#
#........# #.@....# #
##.hp..## ### ##....### ..#
##...### .## ##..###
#.#########..##
##..##≈≈≈###.####
.÷.##≈≈≈≈≈≈#..†.### ###
#..#≈≈≈≈≈≈≈≈#.##.†#####.###


You could see an ironbound frostheart and a polar bear.

Vanquished Creatures
  Fannar (Lair:2)
  An ironbound frostheart (IceCv)
  2 hydras
  2 death yaks (IceCv)
  An ugly thing (IceCv)
  A manticore (Lair:2)
  7 cane toads
  An ice statue (IceCv)
  An unseen horror (D:10)
  Maggie (D:7)
  3 rime drakes
  2 komodo dragons
  9 polar bears
  5 trolls
  A wind drake (Lair:2)
  Grinder (D:3)
  A hornet (D:8)
  4 blink frogs (Lair:2)
  Sigmund (D:5)
  4 wyverns
  50 yaks
  Eustachio (D:6)
  3 steam dragons
  6 vampire mosquitoes
  5 basilisks
  Edmund (D:5)
  2 acid dragons
  Duvessa (D:5)
  7 water moccasins
  2 sky beasts (D:7)
  A swamp drake (D:8)
  5 orc warriors
  3 ice beasts
  2 black bears
  5 ogres
  21 wolves (IceCv)
  7 centaurs
  2 phantoms
  2 kobold brigands
  A gnoll sergeant (D:7)
  4 bullfrogs
  3 scorpions
  8 wights
  Dowan (D:5)
  3 killer bees (D:9)
  An electric eel (D:10)
  6 howler monkeys
  A bombardier beetle (D:4)
  4 orc priests
  2 jellies
  7 hounds
  10 orc wizards
  5 iguanas
  Ijyb (D:3)
  4 sleepcaps (D:5)
  Natasha (twice) (D:2)
  5 gnolls (D:8)
  5 adders
  A shadow imp (D:7)
  4 white imps
  2 ufetubi (D:5)
  2 dart slugs
  A ribbon worm (D:2)
  44 orcs
  8 ball pythons
  11 endoplasms
  4 giant cockroaches
  14 goblins
  4 hobgoblins
  10 kobolds
  4 quokkas
  5 bats
  3 frilled lizards (D:1)
  8 rats
  2 butterflies (D:7)
375 creatures vanquished.

Vanquished Creatures (others)
  A wolf (IceCv)
  An adder (D:6)
2 creatures vanquished.

Grand Total: 377 creatures vanquished

Notes
Turn   | Place    | Note
-------+----------+-------------------------------------------
     0 | D:1      | smashvw the Vine Stalker Berserker began the quest for the
                  | Orb.
     0 | D:1      | Reached XP level 1. HP: 11/11 MP: 2/2
   322 | D:1      | Reached XP level 2. HP: 16/16 MP: 1/3
   448 | D:1      | Reached skill level 3 in Short Blades
   646 | D:1      | Reached XP level 3. HP: 20/20 MP: 1/4
  1136 | D:2      | Reached ** piety under Trog
  1245 | D:2      | Noticed Natasha
  1254 | D:2      | Killed Natasha
  1255 | D:2      | Reached XP level 4. HP: 19/24 MP: 3/5
  1433 | D:2      | Noticed Natasha
  1448 | D:2      | Killed Natasha
  1507 | D:3      | Reached XP level 5. HP: 28/29 MP: 4/6
  1624 | D:3      | Noticed Grinder
  1635 | D:3      | Killed Grinder
  1636 | D:3      | Reached skill level 4 in Short Blades
  1636 | D:3      | Reached XP level 6. HP: 16/34 MP: 7/7
  1685 | D:3      | Noticed Ijyb
  1702 | D:3      | Killed Ijyb
  1824 | D:3      | Found Zocexiq's Magic Scroll Boutique.
  1833 | D:3      | Bought a scroll of revelation for 90 gold pieces
  1833 | D:3      | Bought a scroll of teleportation for 36 gold pieces
  2070 | D:3      | Found a broken altar of Ashenzari.
  2723 | D:4      | Reached XP level 7. HP: 34/38 MP: 8/8
  2827 | D:4      | Found a shimmering altar of Xom.
  2838 | D:4      | Identified the +5 scale mail of Muohauso {+Blink}
  3305 | D:5      | Entered Level 5 of the Dungeon
  3317 | D:5      | Noticed Sigmund
  3328 | D:5      | Killed Sigmund
  3329 | D:5      | Reached skill level 5 in Fighting
  3329 | D:5      | Reached skill level 5 in Short Blades
  3391 | D:5      | Noticed Edmund
  3415 | D:5      | Killed Edmund
  3416 | D:5      | Gained mutation: You have razor-sharp teeth. [Vine Stalker
                  | growth]
  3416 | D:5      | Reached XP level 8. HP: 36/44 MP: 9/9
  3443 | D:5      | Reached *** piety under Trog
  3512 | D:5      | Found a bloodstained altar of Trog.
  3520 | D:5      | Found a burning altar of Makhleb.
  3522 | D:5      | Found a blossoming altar of Fedhas.
  3522 | D:5      | Found an ornate altar of the Wu Jian Council.
  3522 | D:5      | Found a sacrificial altar of Ru.
  3523 | D:5      | Found a basalt altar of Yredelemnul.
  3822 | D:5      | Found a snail-covered altar of Cheibriados.
  4007 | D:5      | Noticed Duvessa
  4007 | D:5      | Noticed Dowan
  4018 | D:5      | Killed Duvessa
  4019 | D:5      | Reached skill level 5 in Armour
  4022 | D:5      | Killed Dowan
  4023 | D:5      | Reached skill level 6 in Short Blades
  4302 | D:5      | Reached XP level 9. HP: 49/49 MP: 10/10
  4681 | D:6      | Reached skill level 7 in Short Blades
  4725 | D:6      | Identified the +8 falchion of Zin's Generosity {flame,
                  | rPois Int+3}
  4806 | D:6      | Noticed Eustachio
  4826 | D:6      | Killed Eustachio
  4826 | D:6      | Reached **** piety under Trog
  4920 | D:6      | Reached XP level 10. HP: 42/56 MP: 11/11
  4933 | D:6      | Reached skill level 8 in Short Blades
  5074 | D:6      | Found Necri's Weapon Emporium.
  5114 | D:6      | You fall into a shaft and drop 1 floor!
  5459 | D:7      | Found a glowing silver altar of Zin.
  5866 | D:7      | Found a staircase to the Ecumenical Temple.
  5911 | D:7      | Noticed Maggie
  5929 | D:7      | Killed Maggie
  7145 | D:8      | Reached ***** piety under Trog
  7242 | D:8      | Identified the +11 quarterstaff of Lonwoure {antimagic,
                  | rPois rF- Int+3}
  7366 | D:8      | Found a shimmering blue altar of Sif Muna.
  7490 | D:8      | Reached skill level 1 in Shields
  7517 | D:8      | Reached skill level 9 in Short Blades
  7519 | D:8      | Reached XP level 11. HP: 45/62 MP: 9/12
  7591 | D:8      | Found a staircase to the Lair.
  7763 | D:9      | Identified the +0 plate armour "Veick" {Str+2 Dex+3}
  7848 | D:9      | Found a hide-covered altar of Uskayaw.
  8382 | D:9      | Found a white marble altar of Elyvilon.
  8388 | D:9      | Found a radiant altar of Vehumet.
  8583 | D:10     | Entered Level 10 of the Dungeon
  8731 | D:10     | Found Coul's Book Shoppe.
  8983 | D:10     | Found Ynaciargh's Book Emporium.
  9010 | D:10     | Found Bicsah's Self-Improvement Boutique.
  9159 | D:10     | Found a sparkling altar of Nemelex Xobeh.
  9459 | D:10     | Reached skill level 10 in Fighting
 10078 | D:11     | Reached skill level 10 in Short Blades
 10181 | D:11     | Found Kaliext's Antique Weapon Shoppe.
 10473 | Lair:1   | Entered Level 1 of the Lair of Beasts
 10489 | Lair:1   | Reached skill level 5 in Shields
 10489 | Lair:1   | Reached XP level 12. HP: 66/67 MP: 13/13
 10615 | Lair:1   | Found a runed translucent gate.
 10615 | Lair:1   | Found a runed translucent gate.
 10615 | Lair:1   | Found a runed translucent gate.
 10615 | Lair:1   | Found the ring of the Tortoise {AC+8}
 10616 | Lair:1   | Noticed GreenGuy14's ghost (journeyman MiFi)
 10792 | Lair:1   | Reached skill level 10 in Armour
 11329 | Lair:1   | Reached skill level 1 in Evocations
 11455 | Lair:2   | Noticed Fannar
 11473 | Lair:2   | Killed Fannar
 11652 | Lair:2   | Noticed a five-headed hydra
 11663 | Lair:2   | Killed a five-headed hydra
 11664 | Lair:2   | Reached skill level 11 in Short Blades
 11669 | Lair:2   | Found a staircase to the Shoals.
 11890 | Lair:2   | Received a gift from Trog
 12089 | Lair:2   | Reached skill level 12 in Short Blades
 12592 | Lair:3   | Noticed a six-headed hydra
 12593 | Lair:3   | Found a frozen archway.
 12599 | Lair:3   | Killed a six-headed hydra
 12605 | Lair:3   | Reached XP level 13. HP: 50/72 MP: 11/14
 12643 | IceCv    | Entered an ice cave
 12840 | IceCv    | Reached skill level 5 in Evocations
 12923 | IceCv    | Identified the +6 sling "Guakkiytesats" {elec, Dex+4}
 12966 | IceCv    | Reached ****** piety under Trog
 13207 | IceCv    | Reached skill level 13 in Short Blades
 13529 | IceCv    | Mangled by an ironbound frostheart

Illustrated notes

Levels and vault maps discovered:
D:1:      kilobyte_arrival_exit_the_forest, layout_basic
D:2:      layout_basic, uniq_natasha
D:3:      wander_river, layout_basic, ashenzari_conservatory_becter,
          serial_shops, nicolae_shop_just_a_little_nook, nrook_loot_triangle,
          uniq_grinder, uniq_ijyb
D:4:      layout_basic, mainiacjoe_overflow_alcove_1
D:5:      minmay_opposing_rooms, layout_loops_corners, minitemple,
          cheibriados_altar_1, uniq_duvessa, uniq_edmund, uniq_sigmund
D:6:      minmay_octagon_keep, layout_basic, serial_shops,
          nicolae_shop_rolling_square, uniq_eustachio, uniq_pikel
D:7:      layout_layer_cave, mainiacjoe_overflow_cross_hatched,
          minmay_temple_entry_butterflies, minmay_puff, uniq_maggie
D:8:      corexii_shantytown, layout_loops_ring, kennysheep_mini_moat,
          erik_lair_dragon
D:9:      layout_basic, nicolae_uskayaw_dance_hall, jmf_multi_god_temple2
D:10:     layout_grid_maze, nemelex_spade_bored_becter, serial_shops,
          nicolae_shop_stone, nicolae_book_shop_shelving, minivault_4,
          nicolae_shop_self_help
D:11:     layout_basic, serial_shops, nicolae_shop_just_a_little_nook
Lair:1:   layout_cave_pods, gammafunk_ghost_necromancy
Lair:2:   layout_cave_pods, minmay_shoals_entry_beasts,
          infiniplex_staircase_pool_2, uniq_fannar
Lair:3:   nzn_winding_woodlands_huge [nzn_winding_woodlands_5x15_eye,
          nzn_winding_woodlands_5x15_jagged, nzn_winding_woodlands_5x15_garden,
          nzn_winding_woodlands_5x15_parted,
          nzn_winding_woodlands_5x15_concentric,
          nzn_winding_woodlands_5x15_pool, nzn_winding_woodlands_5x15_longhouse,
          nzn_winding_woodlands_5x15_sidewinder,
          nzn_winding_woodlands_5x15_pathside_ponds,
          nzn_winding_woodlands_5x15_river_crossing,
          nzn_winding_woodlands_center_lodge,
          nzn_winding_woodlands_center_garden,
          nzn_winding_woodlands_15x15_killbox], layout_gridlike,
          alex1729_snake_entry_snake, portal_ice_cave_rime
IceCv:    ice_cave_caverns_02

Skill      XL: |  1  2  3  4  5  6  7  8  9 10 11 12 13 |
---------------+----------------------------------------+-----
Fighting       | 3 4 5 6 7 9 10 | 10.0
Short Blades   | 3 4 5 6 7 9 10 12 13 | 13.8
Armour         | 2 3 4 5 6 8 9 10 | 10.1
Shields        | 1 5 |  5.0
Evocations     | 3 5 |  5.0
Dodging        | |  1.5

Action                     |  1- 3 |  4- 6 |  7- 9 | 10-12 | 13-15 || total
---------------------------+-------+-------+-------+-------+-------++-------
  Melee: Short sword       |    84 |       |       |       |       ||    84
         Bite              |    25 |    26 |   109 |   337 |   283 ||   780
         Dagger            |     7 |    87 |   115 |       |       ||   209
         Unarmed           |       |       |     6 |       |       ||     6
         Rapier            |       |       |   151 |   749 |       ||   900
         Quick blade       |       |       |       |    55 |   582 ||   637
 Invoke: Berserk           |       |     2 |     4 |     5 |     1 ||    12
         Trog's Hand       |       |       |       |       |     1 ||     1
    Use: Scroll            |       |       |       |    18 |     1 ||    19
         Potion            |       |       |       |       |     1 ||     1
   Stab: Sleeping          |     5 |     4 |     1 |       |       ||    10
         Invisible         |       |       |       |       |     4 ||     4
 Armour: Animal skin       |    44 |    36 |     7 |       |       ||    87
         Scale mail        |       |       |   199 |   189 |       ||   388
         Skin              |       |       |     4 |       |       ||     4
         Plate armour      |       |       |       |   402 |   229 ||   631
  Dodge: Dodged            |    56 |    42 |   135 |   228 |    73 ||   534
  Block: Buckler           |       |       |       |   177 |    85 ||   262

Table legend: (Time is in decaauts)
 A = Elapsed time spent in this place.
 B = Non-inter-level travel time spent in this place.
 C = Inter-level travel time spent in this place.
 D = Time resting spent in this place.
 E = Time spent auto-exploring this place.
 F = Levels seen in this place.
 G = Mean time per level.
                   A        B        C        D        E       F      G
               +--------+--------+--------+--------+--------+-----+--------+
         Total |  13239 |  12579 |    660 |    281 |   9929 |  15 |  882.6 |
       Dungeon |  10355 |   9754 |    601 |    103 |   7912 |  11 |  941.4 |
          Lair |   2126 |   2068 |     58 |    178 |   1563 |   3 |  708.7 |
      Ice Cave |    757 |    757 |      0 |      0 |    454 |   1 |  757.0 |
               +--------+--------+--------+--------+--------+-----+--------+

Top non-repeatable levels by time:
     D:7: 1490 daAuts
    D:10: 1270 daAuts
     D:5: 1225 daAuts
     D:8: 1186 daAuts
  Lair:2: 1069 daAuts
     D:3: 946 daAuts
     D:4: 892 daAuts
     D:9: 833 daAuts
  Lair:1: 825 daAuts
     D:1: 802 daAuts
   IceCv: 757 daAuts
     D:2: 661 daAuts
     D:6: 566 daAuts
    D:11: 481 daAuts
  Lair:3: 231 daAuts
